 Dungeon Crawl Stone Soup version 0.27.1-4-g1640c2035a (webtiles) character file.

Game seed: 16949516930165336352

4 Icepheonix32 the Insei (level 1, 0/15 HPs)
             Began as a Demonspawn Transmuter on Nov 3, 2021.
             Slain by a rat (1 damage)
             ... on level 1 of the Dungeon.
             The game lasted 00:00:14 (192 turns).

Icepheonix32 the Insei (Demonspawn Transmuter)       Turns: 192, Time: 00:00:15

Health: 0/15       AC:  2    Str: 10    XL:     1   Next: 58%
Magic:  1/3        EV: 12    Int: 14    God:
Gold:   0          SH:  0    Dex: 13    Spells: 3/4 levels left

rFire    . . .     SeeInvis .     - Unarmed
rCold    . . .     Faith    .   (no shield)
rNeg     . . .     Spirit   .   a - +0 robe
rPois    .         Reflect  .   (helmet currently unavailable)
rElec    .         Harm     .   (no cloak)
rCorr    .         Rampage  .   (no gloves)
Will     .....                  (boots currently unavailable)
Stlth    +.........             (no amulet)
HPRegen  0.05/turn              (no ring)
MPRegen  0.08/turn              (no ring)

@: appendages (expiring)
A: horns 2, talons 2
a: End Transformation


You were on level 1 of the Dungeon.
You had temporarily grown beastly horns and talons.
You visited 1 branch of the dungeon, and saw 1 of its levels.

Inventory:

Armour
 a - a +0 robe (worn)
Jewellery
 b - a +6 ring of intelligence
Scrolls
 c - a scroll of teleportation {unknown}


   Skills:
 * Level 1.0 Fighting
 * Level 1.9 Dodging
 * Level 2.8 Unarmed Combat
 + Level 2.0 Spellcasting
 + Level 1.7 Transmutations


You had 3 spell levels left.
You knew the following spells:

 Your Spells              Type           Power      Damage    Failure   Level
a - Beastly Appendage     Tmut           12%        N/A       12%         1

Your spell library contained the following spells:

 Spells                   Type           Power      Damage    Failure   Level
 Wereblood                Tmut           6%         N/A       17%         2
 Spider Form              Tmut/Pois      1%         N/A       45%         3
 Ice Form                 Ice/Tmut       3%         N/A       86%         4


Dungeon Overview and Level Annotations

Branches:
Dungeon (1/15)

Altars:


Innate Abilities, Weirdness & Mutations

You have temporarily grown beastly horns and talons.


Message History

You see here 2 javelins.
A frilled lizard comes into view.
The ball python hisses angrily.
The ball python closely misses you. The ball python grabs you.
The ball python constricts you.
You closely miss the ball python. The ball python bites you.
The ball python constricts you.
You are too injured to fight recklessly!
You are too injured to fight recklessly!
You are too injured to fight recklessly!
You are too injured to fight recklessly!
You are too injured to fight recklessly!
You are too injured to fight recklessly!
You are too injured to fight recklessly!
You are too injured to fight recklessly!
You are too injured to fight recklessly!
You are too injured to fight recklessly!
You are too injured to fight recklessly!
You are too injured to fight recklessly!
You are too injured to fight recklessly!
You are too injured to fight recklessly!
You are too injured to fight recklessly!
You are too injured to fight recklessly!
You are too injured to fight recklessly!
You are too injured to fight recklessly!
Unknown command.
You closely miss the rat. The ball python bites you.
The ball python constricts you.
* * * LOW HITPOINT WARNING * * *
The rat barely misses you.
The ball python bites you but does no damage.
The ball python constricts you.
You hit the rat. You claw the rat, but do no damage.
The rat is severely wounded.
The rat bites you but does no damage. The ball python bites you.
* * * LOW HITPOINT WARNING * * *
The ball python constricts you.
* * * LOW HITPOINT WARNING * * *
You escape the ball python's grasp.
The rat bites you.
You die...

#...l ..$ ...
[.. #.#
#######.#######
......S.#......
#.r......
#@.......
#........ .
.....#........
.#...
....#........
#...⌠.
###...#........
......
.....#........
....#
#...#.#.#####
...# #...#.#.#
..### #...#.#..


You could see a ball python and a rat.

Vanquished Creatures
  A ball python (D:1)
  An endoplasm (D:1)
  A goblin (D:1)
  A frilled lizard (D:1)
4 creatures vanquished.

Notes
Turn   | Place    | Note
-------+----------+-------------------------------------------
     0 | D:1      | Icepheonix32 the Demonspawn Transmuter began the quest for
                  | the Orb.
     0 | D:1      | Reached XP level 1. HP: 15/15 MP: 3/3
   192 | D:1      | Slain by a rat

Illustrated notes

Levels and vault maps discovered:
D:1:      erik_arrival_cave_to_civilisation [erik_arrival_cave_to_temple],
          layout_basic, minmay_pentomino_w2

Action                   || total
-------------------------++-------
Melee: Unarmed           ||    14
       Kick              ||     4
       Headbutt          ||     1
 Cast: Beastly Appendage ||     4
Armor: Robe              ||     2
Dodge: Dodged            ||     6
